 Dungeon Crawl Stone Soup version 0.28.0-43-g3370ac3207 (webtiles) character file.

Game seed: 18173289852179621890

7659 terff the Slicer (level 10, -11/76 HPs)
             Began as a Demonspawn Gladiator on Mar 30, 2022.
             Was a Believer of Okawaru.
             Mangled by an ettin
             ... wielding a +0 dire flail
              (41 damage)
             ... on level 1 of the Orcish Mines.
             The game lasted 00:30:47 (9926 turns).

terff the Slicer (Demonspawn Gladiator)             Turns: 9926, Time: 00:30:47

Health: -11/76     AC: 16    Str: 22    XL:     10   Next: 99%
Magic:  11/11      EV: 10    Int:  9    God:    Okawaru [**....]
Gold:   637        SH:  4    Dex: 16    Spells: 8/9 levels left

rFire   . . .      SeeInvis .   t - +11 dagger "Demonspawn's Peril" {flame, Contam rPois Str+4 Stlth+}
rCold   . . .      Faith    .   (no shield)
rNeg    + . .      Spirit   .   g - +0 chain mail
rPois   +          Reflect  .   (helmet restricted)
rElec   .          Harm     .   H - +1 cloak
rCorr   .          Rampage  .   w - +0 pair of gloves
Will    .....                   (no boots)
Stlth   ..........              h - amulet of regeneration
HPRegen 1.02/turn               i - +4 ring of slaying
MPRegen 0.12/turn               o - ring of positive energy

@: mighty
A: horns 2, powered by pain 1, sharp scales 2, condensation shield
a: Renounce Religion, Heroism


You were on level 1 of the Orcish Mines.
You worshipped Okawaru.
Okawaru was pleased with you.
You visited 3 branches of the dungeon, and saw 13 of its levels.
You also visited: Ossuary.

You collected 637 gold pieces.

Inventory:

Hand Weapons
 n - a +1 mace of protection
 t - the +11 dagger "Demonspawn's Peril" (weapon) {flame, Contam rPois Str+4 Stlth+}
   (You found it on level 5 of the Dungeon)

   It burns those it strikes, dealing additional fire damage.
   Str:       It affects your strength (+4).
   rPois:     It protects you from poison.
   Contam:    It causes magical contamination when unequipped.
   Stlth:     It makes you more stealthy.
Missiles
 d - 5 throwing nets (quivered)
Armour
 c - a +1 helmet
 g - a +0 chain mail (worn)
 w - a +0 pair of gloves (worn)
 H - a +1 cloak (worn)
Magical Staves
 b - a staff of death
 y - a staff of poison
Jewellery
 h - an amulet of regeneration (around neck)
 i - a +4 ring of slaying (left hand)
 o - a ring of positive energy (right hand)
 D - a ring of flight
Wands
 a - a wand of polymorph (4)
 J - a wand of acid (14)
Scrolls
 l - 2 scrolls of noise
 u - 2 scrolls of fear {unknown}
 v - a scroll of brand weapon {unknown}
 z - 2 scrolls of vulnerability
 E - 2 scrolls of enchant weapon
 F - 2 scrolls of magic mapping
 G - 2 scrolls of teleportation
 I - a scroll of amnesia
Potions
 e - 3 potions of mutation
 f - a potion of brilliance {unknown}
 j - 2 potions of ambrosia
 k - 3 potions of heal wounds
 m - 4 potions of curing
 p - 3 potions of haste
 q - 6 potions of magic
 r - 3 potions of might
 s - a potion of berserk rage {unknown}
 x - 2 potions of invisibility {unknown}
 A - 3 potions of flight
 B - 2 potions of attraction
 C - a potion of cancellation {unknown}


   Skills:
 + Level 5.8 Fighting
 * Level 9.5 Short Blades
 + Level 6.3 Maces & Flails
 + Level 1.8 Throwing
 + Level 7.2 Armour
 + Level 4.7 Dodging
 + Level 0.8 Stealth
 - Level 3.0 Shields
 + Level 2.5 Translocations
 * Level 2.4 Invocations


You had 8 spell levels left.
You knew the following spells:

 Your Spells              Type           Power      Damage    Failure   Level
a - Apportation           Tloc           8%         N/A       71%         1

Your spell library contained the following spells:

 Spells                   Type           Power      Damage    Failure   Level
 Pain                     Necr           0%         1d4       96%         1
 Vampiric Draining        Necr           0%         2d6       100%        3
 Alistair's Intoxication  Tmut/Pois      0%         N/A       100%        5
 Animate Skeleton         Necr           Unusable   N/A       N/A         1

Dungeon Overview and Level Annotations

Branches:
Dungeon (11/15)            Temple (1/1) D:4             Orc (1/2) D:10
Ossuary (visited)
   Lair: D:8-11

Altars:
Ashenzari
Cheibriados
Dithmenos
Elyvilon
Gozag
Hepliaklqana
Kikubaaqudgha
Makhleb
Nemelex Xobeh
Okawaru
Qazlal
Ru
Sif Muna
Trog
Uskayaw
Vehumet
Wu Jian
Xom
Yredelemnul
Zin
The Shining One

Shops:
D:4 *   D:8 [

Annotations:
D:4 3 runed translucent doors, silky's ghost, amateur MiCK


Innate Abilities, Weirdness & Mutations

You have a pair of horns on your head.
You sometimes gain a little power by taking damage.
You are mostly covered in razor-sharp scales. (AC +2, Slay +2)
A meltable shield of frost defends you. (SH +4)


Message History

The meliai zombie barely misses you. The meliai zombie closely misses you.
You impale the meliai zombie!! You burn the meliai zombie.
The meliai zombie is severely damaged.
The meliai zombie hits you but does no damage. x2
You puncture the meliai zombie! You burn the meliai zombie.
The meliai zombie is almost destroyed.
You puncture the meliai zombie! You burn the meliai zombie.
You destroy the meliai zombie!
Okawaru accepts your kill.
m - 4 potions of curing (gained 1)
Things that are here:
a curare-tipped dart; a +0 short sword
Things that are here:
a +0 short sword; a +0 dagger
There is a stone staircase leading down here.
Done exploring.
There is a staircase to the Orcish Mines here.
You climb downwards.
Welcome back to the Orcish Mines!
You block the ettin's attack. x2; The orc hits you with a +0 flail.
There is a staircase back to the Dungeon here.
You hit the ettin but do no damage. You headbutt the ettin!
The ettin is lightly wounded.
You block the ettin's attack. The ettin completely misses you.
The orc barely misses you.
You puncture the ettin! You burn the ettin. You headbutt the ettin!
The ettin is heavily wounded.
You puncture the ettin! You burn the ettin. Your headbutt misses the ettin.
The ettin is severely wounded.
The ettin hits you with a +0 dire flail!!
You focus on the pain.
You feel very mighty all of a sudden.
The ettin hits you with a +0 dire flail!!
The orc wizard casts a spell.
The orc wizard flickers and vanishes!
Deactivating autopickup; reactivate with Ctrl-A.
The orc warrior closely misses you. The orc closely misses you.
The ettin hits you but does no damage.
The ettin hits you with a +0 dire flail!!!
Ouch! That really hurt!
You die...

....... ...$...
...#... ........#
####
........##.#.## #
..............#.#
.......oo{.......
........)oC...#..
........>@.......
.........#.....#.
.##............#
##...)......##
#.....#.#$#.##
.$.....#####...#
..#.##. #.## .#..
.. ## ... ##.


You could see an ettin, an orc warrior and 2 orcs.

Vanquished Creatures
  Maurice (D:9)
  2 trolls
  2 hornets
  Grinder (D:5)
  A meliai zombie (D:10)
  A vampire (D:9)
  9 yaks
  2 wyverns (D:9)
  Grum (D:8)
  A steam dragon (D:7)
  Menkaure (Ossuary)
  2 water moccasins (D:4)
  Duvessa (D:6)
  2 orc warriors (D:8)
  2 ice beasts
  2 wolves (D:8)
  3 centaurs
  6 ogres
  3 kobold brigands
  Blork the orc (D:5)
  5 bullfrogs
  A wyvern zombie (D:7)
  3 scorpions
  A gnoll sergeant (D:7)
  Dowan (D:6)
  15 killer bees
  2 electric eels (D:9)
  A centaur zombie (D:9)
  A bullfrog skeleton (D:6)
  2 hounds (D:5)
  2 centaur skeletons (D:6)
  4 orc priests
  A gnoll shaman (D:8)
  A jelly (D:4)
  2 iguanas
  An orc wizard (D:7)
  4 mummies
  9 gnolls
  2 howler monkey skeletons
  9 adders
  An ufetubus (D:5)
  An adder skeleton (D:4)
  A worm (D:2)
  5 dart slugs
  21 orcs
  3 ball pythons
  5 bats
  4 endoplasms
  3 giant cockroaches (D:1)
  4 gnoll zombies (Ossuary)
  9 hobgoblins
  6 quokkas
  3 frilled lizards
  5 gnoll skeletons (Ossuary)
  5 goblins
  A goblin skeleton (Ossuary)
  5 goblin zombies (Ossuary)
  10 hobgoblin skeletons (Ossuary)
  2 hobgoblin zombies (Ossuary)
  19 kobolds
  4 kobold skeletons (Ossuary)
  7 kobold zombies (Ossuary)
  3 orc skeletons (Ossuary)
  5 orc zombies (Ossuary)
  3 rats
  2 rat skeletons (Ossuary)
  2 rat zombies (Ossuary)
  A spectral goblin (D:3)
251 creatures vanquished.

Notes
Turn   | Place    | Note
-------+----------+-------------------------------------------
     0 | D:1      | terff the Demonspawn Gladiator began the quest for the Orb.
     0 | D:1      | Reached XP level 1. HP: 16/16 MP: 1/1
   235 | D:1      | Gained mutation: A meltable shield of frost defends you.
                  | (SH +4) [demonic ancestry]
   235 | D:1      | Reached XP level 2. HP: 21/22 MP: 2/2
   737 | D:2      | Gained mutation: You sometimes gain a little power by
                  | taking damage. [demonic ancestry]
   737 | D:2      | Reached XP level 3. HP: 27/27 MP: 3/3
   868 | D:2      | Reached XP level 4. HP: 33/33 MP: 4/4
  1633 | D:3      | Found a faded altar of an unknown god.
  2455 | D:4      | Noticed a kobold brigand
  2456 | D:4      | Found a runed translucent gate.
  2456 | D:4      | Noticed silky's ghost (amateur MiCK)
  2457 | D:4      | Found a runed translucent gate.
  2458 | D:4      | Found a runed translucent gate.
  2648 | D:4      | Noticed an ogre
  2658 | D:4      | Killed an ogre
  2659 | D:4      | Reached skill level 1 in Armour
  2659 | D:4      | Gained mutation: You are partially covered in razor-sharp
                  | scales. (AC +1, Slay +1) [demonic ancestry]
  2659 | D:4      | Reached XP level 5. HP: 15/40 MP: 5/5
  2857 | D:4      | Learned a level 1 spell: Apportation
  3019 | D:4      | Found Teypsada's Serpentskin Sales.
  3019 | D:4      | Noticed a water moccasin
  3019 | D:4      | Noticed a water moccasin
  3034 | D:4      | Killed a water moccasin
  3035 | D:4      | Reached skill level 1 in Translocations
  3035 | D:4      | Reached XP level 6. HP: 26/47 MP: 6/6
  3047 | D:4      | Killed a water moccasin
  3048 | D:4      | Reached skill level 5 in Maces & Flails
  3117 | D:4      | Found a staircase to the Ecumenical Temple.
  3511 | D:5      | Entered Level 5 of the Dungeon
  3565 | D:5      | Reached skill level 1 in Shields
  3574 | D:5      | Gained mutation: You have a pair of small horns on your
                  | head. [demonic ancestry]
  3574 | D:5      | Reached XP level 7. HP: 40/52 MP: 7/7
  3643 | D:5      | Noticed Blork the orc
  3650 | D:5      | Killed Blork the orc
  3719 | D:5      | Noticed Grinder
  3719 | D:5      | Paralysed by Grinder for 2 turns
  3732 | D:5      | Killed Grinder
  3749 | D:5      | Identified the +11 dagger "Demonspawn's Peril" {flame,
                  | Contam rPois Str+4 Stlth+}
  3851 | D:5      | Gained mutation: You have a pair of horns on your head.
                  | [demonic ancestry]
  3851 | D:5      | Reached XP level 8. HP: 51/60 MP: 8/8
  3934 | D:5      | Found a sand-covered staircase.
  3941 | Ossuary  | Entered an ossuary
  4190 | Ossuary  | Noticed Menkaure
  4197 | Ossuary  | Killed Menkaure
  4198 | Ossuary  | Reached skill level 1 in Short Blades
  4220 | Ossuary  | Reached skill level 2 in Short Blades
  4514 | D:6      | Noticed Duvessa
  4514 | D:6      | Noticed Dowan
  4518 | D:6      | Killed Duvessa
  4521 | D:6      | Killed Dowan
  4522 | D:6      | Reached skill level 3 in Short Blades
  4700 | D:6      | Reached skill level 4 in Short Blades
  4754 | D:6      | Reached skill level 5 in Short Blades
  4846 | D:6      | Gained mutation: You are mostly covered in razor-sharp
                  | scales. (AC +2, Slay +2) [demonic ancestry]
  4846 | D:6      | Reached XP level 9. HP: 64/66 MP: 9/9
  5299 | D:7      | Reached skill level 6 in Short Blades
  5855 | D:7      | Paralysed by a hornet for 2 turns
  5860 | D:7      | Reached skill level 7 in Short Blades
  6377 | D:8      | Reached skill level 5 in Fighting
  6511 | D:8      | Noticed Grum
  6515 | D:8      | Reached skill level 5 in Armour
  6521 | D:8      | Reached skill level 8 in Short Blades
  6521 | D:8      | Reached XP level 10. HP: 66/74 MP: 10/10
  6525 | D:8      | Killed Grum
  6598 | D:8      | Found Gethuel's Armour Shop.
  7640 | Temple   | Entered the Ecumenical Temple
  7784 | Temple   | Became a worshipper of Warmaster Okawaru
  8007 | D:9      | Noticed Maurice
  8034 | D:9      | Killed Maurice
  8113 | D:9      | Reached * piety under Okawaru
  8158 | D:9      | Found a shimmering blue altar of Sif Muna.
  8167 | D:9      | Found a hazy altar of Hepliaklqana.
  8184 | D:9      | Reached skill level 9 in Short Blades
  8186 | D:9      | Found a bloodstained altar of Trog.
  8974 | D:10     | Entered Level 10 of the Dungeon
  9017 | D:10     | Reached ** piety under Okawaru
  9019 | D:10     | Reached skill level 1 in Invocations
  9285 | D:10     | Found a staircase to the Orcish Mines.
  9296 | Orc:1    | Entered Level 1 of the Orcish Mines
  9303 | Orc:1    | Noticed an ettin
  9926 | Orc:1    | Mangled by an ettin

Illustrated notes

Levels and vault maps discovered:
D:1:      psy_arrival_dodecagon, layout_basic
D:2:      layout_loops_ring, minmay_pentomino_o2
D:3:      layout_basic, dreamdust_ecumenical_altar_drowned_temple,
          grunt_decor_resistance
D:4:      layout_basic, minmay_temple_entry_from_below_a,
          gammafunk_ghost_nasty_kobolds, guppyfry_shop_venom
D:5:      layout_rooms, gup_ossuary_entry_pyramid,
          nicolae_elevator_lobby_asterisk, uniq_grinder, uniq_blork_the_orc
D:6:      layout_basic, uniq_duvessa
D:7:      layout_loops_corners, mrwooster_statue_mirror
D:8:      layout_basic, serial_shops, nicolae_shop_crystal,
          kennysheep_minor_cross, uniq_grum
D:9:      layout_basic, mainiacjoe_overflow_surrounded_room,
          grunt_temple_overflow_open, uniq_maurice
D:10:     layout_basic, orc_0_dummy
D:11:     dragon1_lemuel, layout_small_grid, dpeg_oklobed_lair,
          trove_entry_hex_spiral, minmay_misc_feat_enclosed,
          kennysheep_generic_room_9
Temple:   mainiacjoe_temple_bowtie_tessellation
Orc:1:    layout_caves, basic_altar, ebering_ghost_inner_flame

Skill      XL: |  1  2  3  4  5  6  7  8  9 10 |
---------------+-------------------------------+-----
Maces & Flails | 3 4 5 6 |  6.3
Dodging        | 3 4 |  4.7
Armour         | 1 2 3 5 7 |  7.2
Fighting       | 3 4 5 |  5.8
Translocations | 1 2 |  2.5
Shields        | 1 2 3 |  3.0
Short Blades   | 5 8 9 |  9.5
Invocations    | 2 |  2.4
Throwing       | |  1.8
Stealth        | |  0.8

Action                   |  1- 3 |  4- 6 |  7- 9 | 10-12 || total
-------------------------+-------+-------+-------+-------++-------
Melee: Flail             |    77 |    48 |       |       ||   125
       Punch             |     1 |     3 |     5 |     2 ||    11
       Mace              |       |    55 |    35 |       ||    90
       Headbutt          |       |       |    51 |    25 ||    76
       Dagger            |       |       |   246 |   115 ||   361
  Use: Scroll            |     1 |     4 |    13 |       ||    18
Armor: Chain mail        |    41 |    83 |   119 |    42 ||   285
       Leather armour    |     5 |       |       |       ||     5
       Skin              |       |       |       |    13 ||    13
Dodge: Dodged            |    26 |    50 |    86 |    59 ||   221
Block: Other             |     9 |    24 |    50 |    13 ||    96
